| TOP OF THE 1ST |
|
Cedar Rapids Cardinals batting - Pitching for Clinton Pilots : LHP Brian Lucas
|
|
Pitching: LHP Brian Lucas
|
|
|
Batting: RHB Nehames Bernstine
|
0-0: Ball 1-0: Foul Ball, location: 2F 1-1: Ground out 5-3 (Groundball, 56S, EV 70.6 MPH)
|
|
Batting: RHB Miguel Sosa
|
0-0: Called Strike 0-1: Ball 1-1: Ball 2-1: Foul Ball, location: 2F 2-2: Strikes out swinging, 2-3 out at first.
|
|
Batting: RHB Reggie D Williams
|
0-0: Ball 1-0: Called Strike 1-1: Fly out, F9 (Line Drive, 9, EV 95.6 MPH)
|
| Top of the 1st over - 0 runs, 0 hits, 0 errors, 0 left on base; Cedar Rapids 0 - Clinton 0 |
| BOTTOM OF THE 1ST |
|
Clinton Pilots batting - Pitching for Cedar Rapids Cardinals : RHP David Cassetto
|
|
Pitching: RHP David Cassetto
|
|
|
Batting: LHB Roman Dusquesne
|
0-0: Called Strike 0-1: Foul Ball, location: 2F 0-2: Foul Ball, location: 2F 0-2: Ball 1-2: Ground out 5-3 (Groundball, 56, EV 89.4 MPH)
|
|
Batting: RHB Tom Riley
|
0-0: Ball 1-0: TRIPLE (Flyball, 9LD, EV 107.5 MPH)
|
|
Batting: RHB Bert Pena
|
0-0: Ball 1-0: Ball 2-0: Called Strike 2-1: Swinging Strike 2-2: Foul Ball, location: 2F 2-2: Ball 3-2: Base on Balls
|
|
Batting: RHB Abe Rael
|
0-0: Ball 1-0: Ball Bert Pena steals 2nd base 2-0: Ball 3-0: Called Strike 3-1: Ground out 6-3 (Groundball, 6, EV 89.4 MPH) Tom Riley scores Bert Pena to third
|
|
Batting: RHB Joseph Rietano
|
0-0: Ball 1-0: Swinging Strike 1-1: Ball 2-1: Ground out 6-3 (Groundball, 56, EV 99.4 MPH)
|
| Bottom of the 1st over - 1 run, 1 hit, 0 errors, 1 left on base; Cedar Rapids 0 - Clinton 1 |
| TOP OF THE 2ND |
|
Cedar Rapids Cardinals batting - Pitching for Clinton Pilots : LHP Brian Lucas
|
|
Batting: RHB Winston Ficklin
|
0-0: Fly out, F9 (Flyball, 89S, EV 87.5 MPH)
|
|
Batting: RHB Carson Carroll
|
0-0: Foul Ball, location: 2F 0-1: Ball 1-1: Ball 2-1: Swinging Strike 2-2: Ground out 5-3 (Groundball, 56, EV 86.3 MPH)
|
|
Batting: SHB Bryan Hoppie
|
0-0: Ball 1-0: Called Strike 1-1: Foul Ball, location: 2F 1-2: Foul Ball, location: 2F 1-2: TRIPLE (Flyball, 89XD, EV 101.3 MPH)
|
|
Batting: RHB Dean Kornacker
|
0-0: Foul Ball, location: 2F 0-1: SINGLE (Groundball, 56D, EV 102.5 MPH) Bryan Hoppie scores
|
|
Batting: LHB Chris Henry
|
0-0: Ball 1-0: Called Strike 1-1: Called Strike 1-2: Ball 2-2: Ball 3-2: Base on Balls Dean Kornacker to second
|
|
Batting: SHB Duane Johnson
|
0-0: Ball 1-0: Ball 2-0: Called Strike 2-1: Ball 3-1: SINGLE (Groundball, 56S, EV 73.8 MPH) (infield hit) Dean Kornacker to third Chris Henry to second
|
|
Batting: RHB Nehames Bernstine
|
0-0: Foul Ball, location: 2F 0-1: Ball 1-1: Ground out 5-3 (Groundball, 56S, EV 93.8 MPH)
|
| Top of the 2nd over - 1 run, 3 hits, 0 errors, 3 left on base; Cedar Rapids 1 - Clinton 1 |
| BOTTOM OF THE 2ND |
|
Clinton Pilots batting - Pitching for Cedar Rapids Cardinals : RHP David Cassetto
|
|
Batting: RHB Alberto Reyes
|
0-0: Fly out, F4 (Flyball, 3D, EV 86.9 MPH)
|
|
Batting: LHB Epifano Martinez
|
0-0: Ball 1-0: Ground out 4-3 (Groundball, 34D, EV 104.4 MPH)
|
|
Batting: RHB Ferdinand Rivera
|
0-0: Ground out 4-3 (Groundball, 34, EV 107.5 MPH)
|
| Bottom of the 2nd over - 0 runs, 0 hits, 0 errors, 0 left on base; Cedar Rapids 1 - Clinton 1 |
| TOP OF THE 3RD |
|
Cedar Rapids Cardinals batting - Pitching for Clinton Pilots : LHP Brian Lucas
|
|
Batting: RHB Miguel Sosa
|
0-0: Called Strike 0-1: Fly out, F8 (Flyball, 8LD, EV 90.6 MPH)
|
|
Batting: RHB Reggie D Williams
|
0-0: Called Strike 0-1: Foul Ball, location: 2F 0-2: Foul Ball, location: 2F 0-2: Ball 1-2: Fly out, F9 (Flyball, 89M, EV 70.6 MPH)
|
|
Batting: RHB Winston Ficklin
|
0-0: Foul Ball, location: 2F 0-1: Ball 1-1: Ball 2-1: Ground out 5-3 (Groundball, 56, EV 104.4 MPH)
|
| Top of the 3rd over - 0 runs, 0 hits, 0 errors, 0 left on base; Cedar Rapids 1 - Clinton 1 |
| BOTTOM OF THE 3RD |
|
Clinton Pilots batting - Pitching for Cedar Rapids Cardinals : RHP David Cassetto
|
|
Batting: RHB Donn Koch
|
0-0: Ball 1-0: Ball 2-0: Ball 3-0: Base on Balls
|
|
Batting: LHB Roman Dusquesne
|
0-0: Ball 1-0: Called Strike 1-1: DOUBLE (Groundball, 3L, EV 105.6 MPH) Donn Koch to third
|
|
Batting: RHB Tom Riley
|
0-0: Foul Ball, location: 2F 0-1: SINGLE (Groundball, 5S, EV 70.0 MPH) (infield hit) Donn Koch scores Roman Dusquesne to third
|
|
Batting: RHB Bert Pena
|
0-0: Ball 1-0: Fly out, F9 (Flyball, 9D, EV 103.1 MPH)
|
|
Batting: RHB Abe Rael
|
0-0: Called Strike 0-1: Swinging Strike 0-2: Ball 1-2: 3-RUN HOME RUN (Flyball, 7LD, EV 102.5 MPH), Distance : 362 ft
|
|
Batting: RHB Joseph Rietano
|
0-0: Swinging Strike 0-1: Ball 1-1: Fly out, F3 (Popup, 3, EV 56.9 MPH)
|
|
Batting: RHB Alberto Reyes
|
0-0: Called Strike 0-1: Ball 1-1: SINGLE (Groundball, 56D, EV 104.4 MPH)
|
|
Batting: LHB Epifano Martinez
|
0-0: Ball Alberto Reyes is caught stealing 2nd base 2-6
|
| Bottom of the 3rd over - 4 runs, 4 hits, 0 errors, 0 left on base; Cedar Rapids 1 - Clinton 5 |
| TOP OF THE 4TH |
|
Cedar Rapids Cardinals batting - Pitching for Clinton Pilots : LHP Brian Lucas
|
|
Batting: RHB Carson Carroll
|
0-0: Ball 1-0: Called Strike 1-1: Fly out, F4 (Flyball, 34D, EV 73.8 MPH)
|
|
Batting: SHB Bryan Hoppie
|
0-0: Ball 1-0: Foul Ball, location: 2F 1-1: DOUBLE (Flyball, 89D, EV 108.1 MPH)
|
|
Batting: RHB Dean Kornacker
|
0-0: Ball 1-0: Ground out 5-3 (Groundball, 56, EV 98.8 MPH)
|
|
Batting: LHB Chris Henry
|
0-0: Ball 1-0: Ball 2-0: Foul Ball, location: 2F 2-1: Foul Ball, location: 2F 2-2: Ball 3-2: Fly out, F4 (Popup, 4S, EV 76.9 MPH)
|
| Top of the 4th over - 0 runs, 1 hit, 0 errors, 1 left on base; Cedar Rapids 1 - Clinton 5 |
| BOTTOM OF THE 4TH |
|
Clinton Pilots batting - Pitching for Cedar Rapids Cardinals : RHP David Cassetto
|
|
Batting: LHB Epifano Martinez
|
0-0: Ball 1-0: Called Strike 1-1: Foul Ball, location: 2F 1-2: Ground out 6-3 (Groundball, 6, EV 81.3 MPH)
|
|
Batting: RHB Ferdinand Rivera
|
0-0: Ball 1-0: Foul Ball, location: 2F 1-1: Ball 2-1: Foul Ball, location: 2F 2-2: Ball 3-2: Base on Balls
|
|
Batting: RHB Donn Koch
|
0-0: Called Strike 0-1: Ball 1-1: Ball 2-1: Fly out, F8 (Line Drive, 8RD, EV 102.5 MPH)
|
|
Batting: LHB Roman Dusquesne
|
0-0: Foul Ball, location: 2F 0-1: Swinging Strike 0-2: Ball 1-2: Strikes out swinging
|
| Bottom of the 4th over - 0 runs, 0 hits, 0 errors, 1 left on base; Cedar Rapids 1 - Clinton 5 |
| TOP OF THE 5TH |
|
Cedar Rapids Cardinals batting - Pitching for Clinton Pilots : LHP Brian Lucas
|
|
Batting: SHB Duane Johnson
|
0-0: Ball 1-0: Foul Ball, location: 2F 1-1: Ball 2-1: Fly out, F7 (Flyball, 7S, EV 81.9 MPH)
|
|
Batting: RHB Nehames Bernstine
|
0-0: SINGLE (Flyball, 8RS, EV 88.1 MPH)
|
|
Batting: RHB Miguel Sosa
|
0-0: SINGLE (Line Drive, 6D, EV 94.4 MPH) Nehames Bernstine to second
|
|
Batting: RHB Reggie D Williams
|
0-0: Called Strike Nehames Bernstine steals 3rd base 0-1: Called Strike 0-2: Ball 1-2: Fielders Choice at 2nd, 4-6 (Groundball, 4, EV 78.8 MPH) Nehames Bernstine scores
|
|
Batting: RHB Winston Ficklin
|
0-0: Foul Ball, location: 2F 0-1: Swinging Strike 0-2: Fielders Choice at 2nd, 6-4 (Groundball, 6, EV 102.5 MPH)
|
| Top of the 5th over - 1 run, 2 hits, 0 errors, 1 left on base; Cedar Rapids 2 - Clinton 5 |
| BOTTOM OF THE 5TH |
|
Clinton Pilots batting - Pitching for Cedar Rapids Cardinals : RHP David Cassetto
|
|
Batting: RHB Tom Riley
|
0-0: Ball 1-0: Ball 2-0: Ball 3-0: Base on Balls
|
|
Batting: RHB Bert Pena
|
Pickoff Throw to First - Error! E1 Tom Riley to second 0-0: Ball 1-0: Foul Ball, location: 2F 1-1: Ball 2-1: Fly out, F6 (Popup, 6M, EV 62.5 MPH)
|
|
Batting: RHB Abe Rael
|
0-0: Ball 1-0: Ground out 4-3 (Groundball, 4, EV 81.3 MPH) Tom Riley to third
|
|
Batting: RHB Joseph Rietano
|
0-0: Called Strike 0-1: Ball 1-1: Fly out, F8 (Flyball, 78D, EV 103.1 MPH)
|
| Bottom of the 5th over - 0 runs, 0 hits, 1 error, 1 left on base; Cedar Rapids 2 - Clinton 5 |
| TOP OF THE 6TH |
|
Cedar Rapids Cardinals batting - Pitching for Clinton Pilots : LHP Brian Lucas
|
|
Batting: RHB Carson Carroll
|
0-0: Called Strike 0-1: Swinging Strike 0-2: Ball 1-2: Foul Ball, location: 2F 1-2: Foul Ball, location: 2F 1-2: Ball 2-2: Strikes out swinging
|
|
Batting: SHB Bryan Hoppie
|
0-0: Called Strike 0-1: Ball 1-1: Foul Ball, location: 2F 1-2: Ground out U3 (Groundball, 34, EV 83.1 MPH)
|
|
Batting: RHB Dean Kornacker
|
0-0: Foul Ball, location: 2F 0-1: Ball 1-1: Swinging Strike 1-2: Ball 2-2: Strikes out swinging
|
| Top of the 6th over - 0 runs, 0 hits, 0 errors, 0 left on base; Cedar Rapids 2 - Clinton 5 |
| BOTTOM OF THE 6TH |
|
Clinton Pilots batting - Pitching for Cedar Rapids Cardinals : RHP David Cassetto
|
|
Pitching: RHP Bradley Burger
|
|
|
Batting: RHB Alberto Reyes
|
0-0: Ball 1-0: Ball 2-0: Ball 3-0: Called Strike 3-1: Base on Balls
|
|
Batting: LHB Epifano Martinez
|
0-0: Ball 1-0: Swinging Strike 1-1: Ball 2-1: Foul Ball, location: 2F 2-2: Strikes out swinging
|
|
Batting: RHB Ferdinand Rivera
|
0-0: Called Strike 0-1: Ball 1-1: Ball 2-1: Foul Ball, location: 2F 2-2: Foul Ball, location: 2F 2-2: Ball 3-2: Base on Balls Alberto Reyes to second
|
|
Batting: RHB Donn Koch
|
0-0: Called Strike 0-1: Called Strike Alberto Reyes steals 3rd base Ferdinand Rivera to second 0-2: Ball 1-2: Fly out, F9 (Line Drive, 9S, EV 93.8 MPH)
|
|
Batting: LHB Roman Dusquesne
|
0-0: Ball 1-0: Ball 2-0: SINGLE (Groundball, 6M, EV 81.9 MPH) (infield hit) Alberto Reyes scores Ferdinand Rivera to third
|
|
Batting: RHB Tom Riley
|
0-0: Called Strike 0-1: Ball 1-1: Fielders Choice at 2nd, 6-4 (Groundball, 6, EV 85.6 MPH)
|
| Bottom of the 6th over - 1 run, 1 hit, 0 errors, 2 left on base; Cedar Rapids 2 - Clinton 6 |
| TOP OF THE 7TH |
|
Cedar Rapids Cardinals batting - Pitching for Clinton Pilots : LHP Brian Lucas
|
|
Batting: LHB Chris Henry
|
0-0: Called Strike 0-1: Foul Ball, location: 2F 0-2: Ball 1-2: Foul Ball, location: 2F 1-2: Fly out, F5 (Popup, 5F, EV 68.1 MPH)
|
|
Batting: SHB Duane Johnson
|
0-0: Ball 1-0: Called Strike 1-1: SINGLE (Flyball, 8RS, EV 84.4 MPH)
|
|
Batting: RHB Nehames Bernstine
|
0-0: Foul Ball, location: 2F 0-1: Called Strike 0-2: Strikes out looking
|
|
Batting: RHB Miguel Sosa
|
0-0: Ball 1-0: Fly out, F7 (Flyball, 7LS, EV 86.3 MPH)
|
| Top of the 7th over - 0 runs, 1 hit, 0 errors, 1 left on base; Cedar Rapids 2 - Clinton 6 |
| BOTTOM OF THE 7TH |
|
Clinton Pilots batting - Pitching for Cedar Rapids Cardinals : RHP Bradley Burger
|
|
Batting: RHB Bert Pena
|
0-0: Foul Ball, location: 2F 0-1: Ball 1-1: Ball 2-1: Foul Ball, location: 2F 2-2: Foul Ball, location: 2F 2-2: Ball 3-2: Base on Balls
|
|
Pitching: LHP Jeff Twitty
|
|
|
Batting: RHB Abe Rael
|
0-0: Swinging Strike 0-1: Grounds into double play, 3-6-1 (Groundball, 34, EV 108.1 MPH)
|
|
Batting: RHB Joseph Rietano
|
0-0: Ball 1-0: Fly out, F9 (Flyball, 9LS, EV 88.1 MPH)
|
| Bottom of the 7th over - 0 runs, 0 hits, 0 errors, 0 left on base; Cedar Rapids 2 - Clinton 6 |
| TOP OF THE 8TH |
|
Cedar Rapids Cardinals batting - Pitching for Clinton Pilots : LHP Brian Lucas
|
|
Batting: RHB Reggie D Williams
|
0-0: Ball 1-0: Ball 2-0: Fly out, F8 (Flyball, 8RXD, EV 98.8 MPH)
|
|
Batting: RHB Winston Ficklin
|
0-0: Called Strike 0-1: Ball 1-1: Foul Ball, location: 2F 1-2: Strikes out looking
|
|
Batting: RHB Carson Carroll
|
0-0: Ball 1-0: Ground out 4-3 (Groundball, 4, EV 104.4 MPH)
|
| Top of the 8th over - 0 runs, 0 hits, 0 errors, 0 left on base; Cedar Rapids 2 - Clinton 6 |
| BOTTOM OF THE 8TH |
|
Clinton Pilots batting - Pitching for Cedar Rapids Cardinals : LHP Jeff Twitty
|
|
Batting: RHB Alberto Reyes
|
0-0: Ball 1-0: Swinging Strike 1-1: Swinging Strike 1-2: Ground out 5-3 (Groundball, 5S, EV 76.3 MPH)
|
|
Batting: LHB Epifano Martinez
|
0-0: Foul Ball, location: 2F 0-1: Swinging Strike 0-2: Foul Ball, location: 2F 0-2: SINGLE (Groundball, 4D, EV 103.8 MPH)
|
|
Batting: RHB Ferdinand Rivera
|
0-0: Called Strike Epifano Martinez is caught stealing 2nd base 2-4 0-1: Ball 1-1: Foul Ball, location: 2F 1-2: Ball 2-2: Reached on error, E2 (Groundball, 13S, EV 66.9 MPH)
|
|
Batting: RHB Donn Koch
|
0-0: Foul Ball, location: 2F 0-1: Ball 1-1: Foul Ball, location: 2F 1-2: Ball 2-2: Ball 3-2: Strikes out swinging
|
| Bottom of the 8th over - 0 runs, 1 hit, 1 error, 1 left on base; Cedar Rapids 2 - Clinton 6 |
| TOP OF THE 9TH |
|
Cedar Rapids Cardinals batting - Pitching for Clinton Pilots : LHP Brian Lucas
|
|
Pitching: RHP Greg Mize
|
|
|
Batting: SHB Bryan Hoppie
|
0-0: Foul Ball, location: 2F 0-1: Swinging Strike 0-2: Foul Ball, location: 2F 0-2: Hit by Pitch
|
|
Batting: RHB Dean Kornacker
|
0-0: Called Strike 0-1: 2-RUN HOME RUN (Flyball, 78XD, EV 111.9 MPH), Distance : 411 ft
|
|
Batting: LHB Chris Henry
|
0-0: Called Strike 0-1: Foul Ball, location: 2F 0-2: Fly out, F7 (Flyball, 7LM, EV 81.9 MPH)
|
|
Batting: SHB Duane Johnson
|
0-0: Foul Ball, location: 2F 0-1: Foul Ball, location: 2F 0-2: Ball 1-2: Ball 2-2: SINGLE (Groundball, 6M, EV 88.8 MPH) (infield hit)
|
|
Batting: RHB Nehames Bernstine
|
0-0: Ball 1-0: Foul Ball, location: 2F 1-1: Called Strike 1-2: Reached on error, E6 (Flyball, 5D, EV 74.4 MPH) Duane Johnson to second
|
|
Pinch Hitting: LHB Robert O'Leath
|
0-0: Ball 1-0: Called Strike 1-1: Swinging Strike 1-2: Foul Ball, location: 2F 1-2: TRIPLE (Line Drive, 89XD, EV 107.5 MPH) Duane Johnson scores Nehames Bernstine scores
|
|
Pitching: RHP Robert Davis
|
|
|
Batting: RHB Reggie D Williams
|
0-0: Foul Ball, location: 2F 0-1: Called Strike 0-2: Strikes out swinging
|
|
Batting: RHB Winston Ficklin
|
0-0: Ball 1-0: Called Strike 1-1: Swinging Strike 1-2: Foul Ball, location: 2F 1-2: Fly out, F9 (Line Drive, 9D, EV 92.5 MPH)
|
| Top of the 9th over - 4 runs, 3 hits, 1 error, 1 left on base; Cedar Rapids 6 - Clinton 6 |
| BOTTOM OF THE 9TH |
|
Clinton Pilots batting - Pitching for Cedar Rapids Cardinals : LHP Jeff Twitty
|
|
Pitching: RHP Jeffrey Musser
|
|
|
Now at 1B: Robert O'Leath
|
|
|
Pinch Hitting: LHB Darryl Stephens
|
0-0: Ground out 4-3 (Groundball, 4, EV 80.6 MPH)
|
|
Batting: RHB Tom Riley
|
0-0: Ball 1-0: SINGLE (Groundball, 34D, EV 101.9 MPH)
|
|
Batting: RHB Barry Siebert
|
0-0: Ball 1-0: Foul Ball, location: 2F 1-1: Ball 2-1: Fly out, F5 (Line Drive, 5, EV 69.4 MPH)
|
|
Batting: RHB Abe Rael
|
0-0: Ball 1-0: Swinging Strike 1-1: Fly out, F3 (Popup, 34, EV 76.9 MPH)
|
| Bottom of the 9th over - 0 runs, 1 hit, 0 errors, 1 left on base; Cedar Rapids 6 - Clinton 6 |
| TOP OF THE 10TH |
|
Cedar Rapids Cardinals batting - Pitching for Clinton Pilots : RHP Robert Davis
|
|
Now in RF: Darryl Stephens
|
|
|
Batting: RHB Carson Carroll
|
0-0: Called Strike 0-1: Ball 1-1: Foul Ball, location: 2F 1-2: Strikes out looking
|
|
Batting: SHB Bryan Hoppie
|
0-0: Ground out 6-3 (Groundball, 6, EV 105.0 MPH)
|
|
Batting: RHB Dean Kornacker
|
0-0: Ball 1-0: Fly out, F6 (Popup, 6M, EV 70.0 MPH)
|
| Top of the 10th over - 0 runs, 0 hits, 0 errors, 0 left on base; Cedar Rapids 6 - Clinton 6 |
| BOTTOM OF THE 10TH |
|
Clinton Pilots batting - Pitching for Cedar Rapids Cardinals : RHP Jeffrey Musser
|
|
Batting: RHB Joseph Rietano
|
0-0: Called Strike 0-1: Ball 1-1: Ball 2-1: Foul Ball, location: 2F 2-2: Ball 3-2: Foul Ball, location: 2F 3-2: Fly out, F8 (Flyball, 8RXD, EV 102.5 MPH)
|
|
Batting: RHB Alberto Reyes
|
0-0: Ball 1-0: Swinging Strike 1-1: Foul Ball, location: 2F 1-2: DOUBLE (Line Drive, 9LM, EV 111.9 MPH)
|
|
Batting: LHB Epifano Martinez
|
0-0: Intentional Walk
|
|
Batting: RHB Ferdinand Rivera
|
0-0: Ball 1-0: Called Strike 1-1: Called Strike 1-2: Grounds into double play, 2-6-3 (Groundball, 2R, EV 66.3 MPH)
|
| Bottom of the 10th over - 0 runs, 1 hit, 0 errors, 1 left on base; Cedar Rapids 6 - Clinton 6 |
| TOP OF THE 11TH |
|
Cedar Rapids Cardinals batting - Pitching for Clinton Pilots : RHP Robert Davis
|
|
Batting: LHB Chris Henry
|
0-0: Called Strike 0-1: Ball 1-1: Ball 2-1: Swinging Strike 2-2: Foul Ball, location: 2F 2-2: Foul Ball, location: 2F 2-2: Ball 3-2: Base on Balls
|
|
Batting: SHB Duane Johnson
|
0-0: Ball 1-0: Bunt missed! 1-1: Ball 2-1: Bunted foul 2-2: Strikes out looking
|
|
Batting: RHB Nehames Bernstine
|
0-0: Called Strike 0-1: Called Strike 0-2: Strikes out looking
|
|
Batting: LHB Robert O'Leath
|
0-0: Ball 1-0: Called Strike 1-1: Ball 2-1: Ground out 4-3 (Groundball, 4, EV 76.9 MPH)
|
| Top of the 11th over - 0 runs, 0 hits, 0 errors, 1 left on base; Cedar Rapids 6 - Clinton 6 |
| BOTTOM OF THE 11TH |
|
Clinton Pilots batting - Pitching for Cedar Rapids Cardinals : RHP Jeffrey Musser
|
|
Batting: RHB Donn Koch
|
0-0: Ball 1-0: Called Strike 1-1: Foul Ball, location: 2F 1-2: Foul Ball, location: 2F 1-2: Ball 2-2: Strikes out looking
|
|
Batting: LHB Darryl Stephens
|
0-0: Ground out 4-3 (Groundball, 4S, EV 68.1 MPH)
|
|
Batting: RHB Tom Riley
|
0-0: Ground out 4-3 (Groundball, P, EV 80.6 MPH)
|
| Bottom of the 11th over - 0 runs, 0 hits, 0 errors, 0 left on base; Cedar Rapids 6 - Clinton 6 |
| TOP OF THE 12TH |
|
Cedar Rapids Cardinals batting - Pitching for Clinton Pilots : RHP Robert Davis
|
|
Batting: RHB Reggie D Williams
|
0-0: Called Strike 0-1: Ground out 4-3 (Groundball, 34, EV 95.6 MPH)
|
|
Batting: RHB Winston Ficklin
|
0-0: Ball 1-0: Fly out, F9 (Line Drive, 9D, EV 95.6 MPH)
|
|
Batting: RHB Carson Carroll
|
0-0: Ball 1-0: Called Strike 1-1: Fly out, F9 (Flyball, 89M, EV 88.8 MPH)
|
| Top of the 12th over - 0 runs, 0 hits, 0 errors, 0 left on base; Cedar Rapids 6 - Clinton 6 |
| BOTTOM OF THE 12TH |
|
Clinton Pilots batting - Pitching for Cedar Rapids Cardinals : RHP Jeffrey Musser
|
|
Batting: RHB Barry Siebert
|
0-0: Ball 1-0: Ball 2-0: Foul Ball, location: 2F 2-1: Ball 3-1: Foul Ball, location: 2F 3-2: Base on Balls
|
|
Batting: RHB Abe Rael
|
0-0: Called Strike 0-1: Foul Ball, location: 2F 0-2: Ball Barry Siebert is caught stealing 2nd base 2-4 1-2: Foul Ball, location: 2F 1-2: Strikes out swinging
|
|
Batting: RHB Joseph Rietano
|
0-0: Ball 1-0: Ball 2-0: Called Strike 2-1: Ball 3-1: Ground out 6-3 (Groundball, 6, EV 105.6 MPH)
|
| Bottom of the 12th over - 0 runs, 0 hits, 0 errors, 0 left on base; Cedar Rapids 6 - Clinton 6 |
| TOP OF THE 13TH |
|
Cedar Rapids Cardinals batting - Pitching for Clinton Pilots : RHP Robert Davis
|
|
Batting: SHB Bryan Hoppie
|
0-0: Called Strike 0-1: Called Strike 0-2: Ball 1-2: Ground out 6-3 (Groundball, 6, EV 100.6 MPH)
|
|
Batting: RHB Dean Kornacker
|
0-0: Called Strike 0-1: Ball 1-1: Ball 2-1: Ground out 6-3 (Groundball, P, EV 88.1 MPH)
|
|
Batting: LHB Chris Henry
|
0-0: Called Strike 0-1: Foul Ball, location: 2F 0-2: Ball 1-2: Ball 2-2: Ball 3-2: Base on Balls
|
|
Pitching: RHP Chris Espenoza
|
|
|
Batting: SHB Duane Johnson
|
0-0: Called Strike 0-1: Ball 1-1: Ball 2-1: Foul Ball, location: 2F 2-2: Foul Ball, location: 2F 2-2: Foul Ball, location: 2F 2-2: Strikes out swinging
|
| Top of the 13th over - 0 runs, 0 hits, 0 errors, 1 left on base; Cedar Rapids 6 - Clinton 6 |
| BOTTOM OF THE 13TH |
|
Clinton Pilots batting - Pitching for Cedar Rapids Cardinals : RHP Jeffrey Musser
|
|
Pitching: RHP Donald Oliver
|
|
|
Batting: RHB Alberto Reyes
|
0-0: Ball 1-0: Swinging Strike 1-1: Ground out 5-3 (Groundball, 56S, EV 89.4 MPH)
|
|
Batting: LHB Epifano Martinez
|
0-0: Called Strike 0-1: Ball 1-1: Ground out 1-3 (Groundball, 13, EV 65.6 MPH)
|
|
Batting: RHB Ferdinand Rivera
|
0-0: Called Strike 0-1: Ball 1-1: Called Strike 1-2: Ball 2-2: Ball 3-2: Fly out, F9 (Flyball, 89M, EV 95.6 MPH)
|
| Bottom of the 13th over - 0 runs, 0 hits, 0 errors, 0 left on base; Cedar Rapids 6 - Clinton 6 |
| TOP OF THE 14TH |
|
Cedar Rapids Cardinals batting - Pitching for Clinton Pilots : RHP Chris Espenoza
|
|
Batting: RHB Nehames Bernstine
|
0-0: Called Strike 0-1: Ball 1-1: Ball 2-1: Ball 3-1: Ground out 6-3 (Groundball, 6, EV 91.3 MPH)
|
|
Batting: LHB Robert O'Leath
|
0-0: Called Strike 0-1: Foul Ball, location: 2F 0-2: SINGLE (Line Drive, 89S, EV 109.4 MPH)
|
|
Batting: RHB Reggie D Williams
|
0-0: Ball 1-0: SINGLE (Flyball, 78S, EV 92.5 MPH) Robert O'Leath to second
|
|
Pinch Runner at 2nd Bruce Amador:
|
|
|
Batting: RHB Winston Ficklin
|
0-0: Grounds into double play, 4-6-3 (Groundball, 4, EV 101.3 MPH)
|
| Top of the 14th over - 0 runs, 2 hits, 0 errors, 1 left on base; Cedar Rapids 6 - Clinton 6 |
| BOTTOM OF THE 14TH |
|
Clinton Pilots batting - Pitching for Cedar Rapids Cardinals : RHP Donald Oliver
|
|
Now at 1B: Kyle Sanford
|
|
|
Batting: RHB Donn Koch
|
0-0: SOLO HOME RUN (Flyball, 7D, EV 90.6 MPH), Distance : 376 ft
|
| Bottom of the 14th over - 1 run, 1 hit, 0 errors, 0 left on base; Cedar Rapids 6 - Clinton 7 |
|